cohdb
Replays
Latest Replays
All Replays
Popular Replays
Top Player Replays
Match Explorer
How It Works
Community
CoH3 Stats
Reddit
Sign in to upload your games and track your stats! →
Sign in with Steam
Match 40257363
Unlisted
Match 40257363
Overview
Messages
Build Orders
End
Kettenkrad Recon Vehicle
Construct Infanterie Kompanie
Selects Terror Battlegroup
Selects Machine Gun Camouflage
Grenadier Squad
Grenadier Squad
MG 42 Machine Gun Team
Grenadier Squad
Selects Contempt for the Weak
MG 42 Machine Gun Team
Construct Panzergrenadier Kompanie
Pak 40 Anti-tank Gun Team
Construct Panzer Kompanie
Stoßtruppen Squad
Medical Bunker
Selects No Quarter
Panzer IV Medium Tank
Panzer IV Medium Tank
Pioneer Squad
Pioneer Squad
Side Skirts
ParmazaanseBaas
DibbeTC
0
0
Comments
sign in to comment!
No comments posted yet!